cohdb
Replays
Latest Replays
All Replays
Popular Replays
Top Player Replays
Match Explorer
How It Works
Community
CoH3 Stats
Reddit
Sign in to upload your games and track your stats! →
Sign in with Steam
Match 41450836
Unlisted
Match 41450836
Overview
Messages
Build Orders
End
Construct Infanterie Kompanie
Selects Mechanized Battlegroup
Grenadier Squad
MG 42 Machine Gun Team
Grenadier Squad
Construct Panzergrenadier Kompanie
Panzergrenadier Squad
251 Medium Carrier
Panzergrenadier Officer Quarters
Selects Mobile Repair Stations
Panzergrenadier Squad
Selects Wespe Self-propelled Artillery
Wespe Self-propelled Artillery
Catstorm
Anime【エルフ】
FooKilla
BeerGrills
0
0
Comments
sign in to comment!
No comments posted yet!